 Dungeon Crawl Stone Soup version 0.31.0-12-g77e489cdc1 (webtiles) character file.

Game seed: 15586924541144708180

1534 Gadfly the Ruffian (level 8, -3/54 HPs)
             Began as an Octopode Shapeshifter on Feb 23, 2024.
             Slain by Maggie
             ... wielding a +2 broad axe of flaming
              (17 damage)
             ... on level 6 of the Dungeon.
             The game lasted 00:08:13 (6537 turns).

Gadfly the Ruffian (Octopode Shapeshifter)          Turns: 6537, Time: 00:08:14

Health: -3/54      AC:  1    Str: 15    XL:     8   Next: 86%
Magic:  8/8        EV: 14    Int: 12    God:
Gold:   200        SH:  0    Dex: 12    Spells: 7/7 levels left

rFire   . .          .
                       - Unarmed
rCold   . . .        (no shield)
rNeg    . . .        (helmet currently unavailable)
rPois   .            (no amulet)
rElec   .            k - ring of resist corrosion
rCorr   +            (no ring)
SInv    .            (no ring)
Will    .....        (no ring)
Stlth   ++           (no ring)
HPRegen 0.29/turn    (no ring)
MPRegen 0.11/turn    (no ring)
                     (no ring)

%: no passive effects
@: beast-form, mesmerised
A: beast (slay +2), almost no armour, amphibious, 8 rings, camouflage 1,
gelatinous body 1, (nimble swimmer 1), tentacles
a: Begin Untransformation


You were on level 6 of the Dungeon.
You were a hulking beast.
You visited 1 branch of the dungeon, and saw 6 of its levels.
You also visited: Sewer.

You collected 200 gold pieces.

Inventory:

Hand Weapons
 b - a +1 dagger of venom
 g - a +2 mace of draining
 i - a +3 mace
Jewellery
 k - a ring of resist corrosion (left tentacle)
Talismans
 c - a flux talisman
 d - a maw talisman
 e - a beast talisman (active)
Wands
 f - a wand of roots (3) (quivered)
 s - a wand of polymorph (11)
 t - a wand of paralysis (7)
Scrolls
 h - 2 scrolls of vulnerability
 l - 3 scrolls of teleportation
 p - a scroll of enchant armour
 u - a scroll of identify
Potions
 a - 2 potions of lignification
 j - 2 potions of haste
 m - 4 potions of curing
 n - a potion of ambrosia
 o - a potion of invisibility {unknown}
 q - 2 potions of mutation {unknown}
 r - a potion of cancellation {unknown}


   Skills:
 + Level 4.4 Fighting
 + Level 4.7 Dodging
 + Level 4.1 Shields
 + Level 5.3 Unarmed Combat
 + Level 4.3 Evocations
 + Level 4.9 Shapeshifting


You had 7 spell levels left.
You didn't know any spells.
Your spell library contained the following spells:

 Spells                   Type           Power      Damage    Failure   Level
 Apportation              Tloc           0%         N/A       32%         1
 Freeze                   Ice            0%         1d3       32%         1
 Jinxbite                 Hex            0%         N/A       45%         2
 Frozen Ramparts          Ice            0%         1d1       69%         3
 Hailstorm                Conj/Ice       0%         3d5       69%         3
 Alistair's Intoxication  Alch           0%         N/A       100%        5


Dungeon Overview and Level Annotations

Branches:
Dungeon (6/15)              Sewer (visited)
 Temple: D:4-7

Altars:
Makhleb

Shops:
D:4 *

Annotations:
D:6 Maggie


Innate Abilities, Weirdness & Mutations

You are a hulking beast.
Your limbs bulge with bestial killing power. (Slay +2)
You cannot wear most types of armour.
You are amphibious.
You can wear up to eight rings at the same time.
Your skin changes colour to match your surroundings (Stealth+).
Your rubbery body absorbs attacks. (AC +1, EV +1)
((You are camouflaged when in or above water. (Stealth+)))
You have tentacles for arms and can constrict up to eight enemies at once.


Message History

You are mesmerised by Maggie!
Maggie is nearby!
Maggie is nearby!
Maggie is nearby!
You bludgeon Maggie! You grab Maggie. You squeeze Maggie.
Maggie is lightly wounded.
You constrict Maggie, but do no damage. You tentacle-slap Maggie.
You squeeze Maggie!
Maggie is moderately wounded.
You constrict Maggie, but do no damage.
Maggie hits you with a +2 broad axe of flaming!
Maggie burns you.
You tentacle-slap Maggie.
Maggie is moderately wounded.
You constrict Maggie, but do no damage. Maggie barely misses you.
You tentacle-slap Maggie but do no damage.
You squeeze Maggie.
Maggie is heavily wounded.
You constrict Maggie.
Maggie hits you with a +2 broad axe of flaming!
Maggie burns you.
You are too injured to fight recklessly!
You are too injured to fight recklessly!
You are too injured to fight recklessly!
You are too injured to fight recklessly!
You are too injured to fight recklessly!
You are too injured to fight recklessly!
You are too injured to fight recklessly!
Unknown command.
You tentacle-slap Maggie but do no damage.
You squeeze Maggie!
Maggie is severely wounded.
You constrict Maggie.
Maggie hits you with a +2 broad axe of flaming!
* * * LOW HITPOINT WARNING * * *
Maggie burns you.
* * * LOW HITPOINT WARNING * * *
You feel better.
You constrict Maggie.
Maggie hits you with a +2 broad axe of flaming!
You die...

#..........# #..........# .. ..
#......)...# ... ..#
#..........# .... ...##
#..........# ##.... .....
#..........####..... .....
#..........#....# ####
#..........'...# ####...
#..........###h# ####...###
#####'##+#####@# ####.........
####....####... ##...###...###
#...##.>...#.##.........###...
###...'...##.#.#.###...###...###
#.....###.##.#..#...###.........
#.....###.##.#..#....#.###...###
#.........##.#..#.....#...###...
#....###..##.#.#.#....#....#.###


You could see Maggie (mesmerising).

Vanquished Creatures
  Pargi (Sewer)
  An ice beast (D:6)
  2 black bears
  An ogre (D:5)
  A phantom (D:5)
  A brain worm (Sewer)
  A bullfrog (D:6)
  5 wights (D:6)
  A howler monkey (D:6)
  5 bombardier beetles
  A jelly (D:5)
  2 iguanas
  Terence (D:2)
  Natasha (thrice) (D:3)
  An orc wizard (D:4)
  Robin (D:3)
  9 adders
  A white imp (D:5)
  2 dart slugs
  8 orcs
  11 ball pythons
  8 bats
  7 endoplasms
  3 giant cockroaches
  10 goblins
  10 hobgoblins
  6 jackals
  8 kobolds
  3 quokkas
  9 frilled lizards
  2 rats (D:2)
125 creatures vanquished.

Notes
Turn   | Place    | Note
-------+----------+-------------------------------------------
     0 | D:1      | Gadfly the Octopode Shapeshifter began the quest for the
                  | Orb.
     0 | D:1      | Reached XP level 1. HP: 13/13 MP: 1/1
   147 | D:1      | Reached XP level 2. HP: 18/18 MP: 2/2
   454 | D:1      | Reached skill level 1 in Evocations
   481 | D:1      | Reached XP level 3. HP: 23/23 MP: 3/3
   835 | D:2      | Noticed Terence
   845 | D:2      | Killed Terence
   846 | D:2      | Reached skill level 1 in Shields
  1059 | D:2      | Reached XP level 4. HP: 29/29 MP: 4/4
  2014 | D:3      | Noticed Robin
  2032 | D:3      | Killed Robin
  2171 | D:3      | Noticed Natasha
  2175 | D:3      | Reached XP level 5. HP: 34/34 MP: 5/5
  2178 | D:3      | Killed Natasha
  2445 | D:3      | Found a burning altar of Makhleb.
  2516 | D:3      | Noticed Natasha
  2518 | D:3      | Killed Natasha
  2765 | D:3      | Noticed Natasha
  2771 | D:3      | Killed Natasha
  2929 | D:4      | Reached XP level 6. HP: 15/41 MP: 6/6
  3051 | D:4      | Noticed a black bear
  3062 | D:4      | Killed a black bear
  3063 | D:4      | Reached skill level 4 in Unarmed Combat
  3532 | D:4      | Found Ehutz's CLEARANCE SALE!.
  4277 | D:5      | Entered Level 5 of the Dungeon
  4346 | D:5      | Reached XP level 7. HP: 25/46 MP: 7/7
  4633 | D:5      | Found a glowing drain.
  4645 | Sewer    | Entered a sewer
  4708 | Sewer    | Noticed Pargi
  4718 | Sewer    | Killed Pargi
  4899 | Sewer    | Reached XP level 8. HP: 51/52 MP: 8/8
  6026 | D:6      | Reached skill level 5 in Unarmed Combat
  6530 | D:6      | Noticed Maggie
  6537 | D:6      | Slain by Maggie

Illustrated notes

Levels and vault maps discovered:
D:1:      tekkud_arrival_beachfront_property, layout_loops_ring,
          kennysheep_doodads, minmay_parallelograms
D:2:      layout_loops_corners, hangedman_abyss_or_decor_stabs, uniq_terence
D:3:      layout_loops_cross, general_overflow_altar, uniq_natasha, uniq_robin
D:4:      layout_gridville, nicolae_shop_clearance
D:5:      layout_loops_corners, portal_sewer_entry_d, minmay_misc_feat_pillars
D:6:      nicolae_BIG_FREAKIN_CUBE, layout_basic, lemuel_tele_altar, minitemple,
          uniq_maggie

Skill      XL: |  1  2  3  4  5  6  7  8 |
---------------+-------------------------+-----
Evocations     | 1 2 3 4 |  4.3
Shields        | 1 2 3 4 |  4.1
Fighting       | 2 3 4 |  4.4
Dodging        | 3 4 |  4.7
Unarmed Combat | 4 5 |  5.3
Shapeshifting  | 4 |  4.9

Action                     |  1- 3 |  4- 6 |  7- 9 || total
---------------------------+-------+-------+-------++-------
  Melee: Unarmed           |    52 |   128 |   111 ||   291
         Constrict         |    14 |    33 |    23 ||    70
         Tentacles         |    13 |    32 |    33 ||    78
         Punch             |     2 |     3 |     6 ||    11
         Mace              |       |     1 |       ||     1
    Use: Scroll            |     2 |     9 |     2 ||    13
         Potion            |       |     1 |     1 ||     2
   Stab: Sleeping          |     4 |    10 |    10 ||    24
         Distracted        |       |     1 |       ||     1
 Armour: Skin              |    17 |    60 |    47 ||   124
  Dodge: Dodged            |    30 |    71 |    88 ||   189
   Form: Beast             |     1 |       |       ||     1
         Maw               |     1 |       |       ||     1
         Flux              |     1 |       |       ||     1
